 Dungeon Crawl Stone Soup version 0.22.0-75-g3901e7991e (webtiles) character file.

74 AlolanVulpixel the Insei (level 4, -3/33 HPs)
             Began as a Merfolk Transmuter on Sept 12, 2018.
             Slain by Sigmund
             ... wielding a +0 scythe
              (10 damage)
             ... on level 3 of the Dungeon.
             The game lasted 00:06:11 (2634 turns).

AlolanVulpixel the Insei (Merfolk Transmuter)       Turns: 2634, Time: 00:06:12

Health: -3/33      AC:  7    Str: 19    XL:     4   Next: 30%
Magic:  7/7        EV: 11    Int: 12    God:
Gold:   135        SH:  0    Dex: 14    Spells: 6/7 levels left

rFire    . . .     SeeInvis .   m - +0 falchion
rCold    . . .     Gourm    .   (no shield)
rNeg     . . .     Faith    .   g - +0 scale mail
rPois    .         Spirit   .   (no helmet)
rElec    .         Reflect  .   (no cloak)
rCorr    .         Harm     .   n - +0 pair of gloves
MR       .....                  (no boots)
Stlth    ..........             (no amulet)
HPRegen  0.11/turn              h - +3 ring of strength
MPRegen  0.10/turn              i - +5 ring of strength

@: no status effects
A: change form in water, swift swim, stealthy swim
a: no special abilities


You were on level 3 of the Dungeon.
You were hungry.

You visited 1 branch of the dungeon, and saw 3 of its levels.

You collected 135 gold pieces.

Inventory:

Hand Weapons
 m - a +0 falchion (weapon)
Missiles
 a - 12 arrows
Armour
 g - a +0 scale mail (worn)
 n - a +0 pair of gloves (worn)
Jewellery
 h - a +3 ring of strength (left hand)
 i - a +5 ring of strength (right hand)
Scrolls
 c - 3 scrolls of identify {unknown}
 d - a scroll of teleportation {unknown}
 f - a scroll of amnesia {unknown}
 j - 2 scrolls of fear {unknown}
 o - a scroll of random uselessness {unknown}
Potions
 b - a potion of curing
 e - a potion of invisibility {unknown}
 l - a potion of lignification {unknown}
 p - a potion of cancellation {unknown}
Comestibles
 k - 4 rations


   Skills:
 + Level 1.7 Fighting
 + Level 0.5 Long Blades
 + Level 0.7 Armour
 + Level 3.3 Dodging
 + Level 0.1 Stealth
 + Level 4.1 Unarmed Combat
 + Level 2.4 Spellcasting
 + Level 2.8 Transmutations


You had 6 spell levels left.
You knew the following spells:

 Your Spells              Type           Power        Failure   Level  Hunger
a - Beastly Appendage     Tmut           #.....       26%         1    ##.....

Your spell library contained the following spells:

 Spells                   Type           Power        Failure   Level  Hunger
 Sticks to Snakes         Tmut           #.......     36%         2    ###....
 Spider Form              Tmut/Pois      #.........   80%         3    ####...
 Ice Form                 Ice/Tmut       #.......     99%         4    #####..
 Blade Hands              Tmut           #.........   100%        5    ######.


Dungeon Overview and Level Annotations

Branches:
Dungeon (3/15)

Altars:

Annotations:
D:3 Sigmund


Message History

Sigmund shouts!
There is a stone staircase leading up here.
You closely miss Sigmund. Sigmund barely misses you.
You hit Sigmund.
Sigmund is lightly wounded.
Sigmund mumbles some strange words.
Sigmund flickers and vanishes!
Deactivating autopickup; reactivate with Ctrl-A.
No target in view!
No target in view!
You slash something! Something hits you.
You closely miss something. Something hits you.
Your scale mail prevents you from hitting something.
You hit something. Something hits you!
You hit something. Something hits you but does no damage.
You hit something. Something hits you but does no damage.
You miss something. Something hits you!
* * * LOW HITPOINT WARNING * * *
You hit something. Something hits you!
You die...

### ... ##.##
#.#
......##..###
#...@{...#
##.......#
###........
##.##.### .#
.. .# ## +#


There were no monsters in sight!

Vanquished Creatures
  2 adders (D:2)
  2 worms (D:2)
  3 dart slugs
  A leopard gecko (D:1)
  2 bats
  4 giant cockroaches
  8 hobgoblins
  3 frilled lizards
  7 goblins
  4 kobolds (D:1)
  6 rats
  3 bushes (D:1)
45 creatures vanquished.

Notes
Turn   | Place    | Note
-------+----------+-------------------------------------------
     0 | D:1      | AlolanVulpixel the Merfolk Transmuter began the quest for
                  | the Orb.
     0 | D:1      | Reached XP level 1. HP: 15/15 MP: 3/3
    29 | D:1      | Reached XP level 2. HP: 8/21 MP: 3/5
   347 | D:1      | Reached skill level 4 in Unarmed Combat
   444 | D:1      | Reached XP level 3. HP: 17/26 MP: 6/6
  1674 | D:2      | Reached XP level 4. HP: 15/32 MP: 7/7
  2624 | D:3      | Noticed Sigmund
  2634 | D:3      | Slain by Sigmund

Skill      XL: |  1  2 |
---------------+-------+-----
Unarmed Combat | 4 |  4.1
Dodging        | 3 |  3.3
Fighting       | |  1.7
Long Blades    | |  0.5
Armour         | |  0.7
Stealth        | |  0.1
Spellcasting   | |  2.4
Transmutations | |  2.8

Action                   |  1- 3 |  4- 6 || total
-------------------------+-------+-------++-------
Melee: Unarmed           |    44 |       ||    44
       Headbutt          |    11 |       ||    11
       Club              |   890 |       ||   890
       Punch             |    25 |     2 ||    27
       Falchion          |    26 |    72 ||    98
 Cast: Beastly Appendage |     4 |       ||     4
  Use: Potion            |     1 |       ||     1
  Eat: Chunk             |     2 |     3 ||     5
       Ration            |     1 |       ||     1
Armor: Robe              |     4 |       ||     4
       Scale mail        |    52 |    26 ||    78
Dodge: Dodged            |   102 |    36 ||   138
       Rpst.: Falchion   |     5 |     9 ||    14
